 Dungeon Crawl Stone Soup version 0.30.1 (webtiles) character file.

Game seed: 14049185055876412627

11194 jtron the Covert (level 11, -12/78 HPs)
             Began as a Demonspawn Wanderer on July 4, 2023.
             Was an Initiate of Vehumet.
             Mangled by a wolf spider (13 damage)
             ... on level 13 of the Dungeon.
             The game lasted 00:40:13 (11010 turns).

jtron the Covert (Demonspawn Wanderer)             Turns: 11010, Time: 00:40:14

Health: -12/78     AC: 18    Str: 11    XL:     11   Next: 46%
Magic:  12/21      EV: 12    Int: 19    God:    Vehumet [......]
Gold:   109        SH: 13    Dex: 13    Spells: 11/24 levels left

rFire   + . .        a - +3 dagger (speed)
rCold   + . .        (no shield)
rNeg    . . .        e - +2 robe
rPois   .            (helmet restricted)
rElec   .            m - +2 cloak
rCorr   .            E - +2 pair of gloves
SInv    .            (no boots)
Will    .....        C - amulet of reflection
Stlth   ++++         H - ring of the Rabble {rF+ rC+}
HPRegen 0.33/turn    i - +4 ring of protection
MPRegen 0.17/turn

%: reflection
@: lethally poisoned (-12 -> -19), spiked
A: horns 2, large bone plates 1, icemail 1, condensation shield, demonic magic 2
a: Renounce Religion


You were on level 13 of the Dungeon.
You worshipped Vehumet.
Vehumet was noncommittal.
You visited 2 branches of the dungeon, and saw 14 of its levels.

You collected 409 gold pieces.
You spent 300 gold pieces at shops.

Inventory:

Hand Weapons
 a - a +3 dagger of speed (weapon)
 c - a +2 long sword of freezing
 x - a +3 dagger of freezing
Missiles
 b - 3 curare-tipped darts (quivered)
 d - 2 silver boomerangs
 j - 129 stones
 l - 5 datura-tipped darts
 u - 13 poisoned darts
 B - 7 javelins
 J - a throwing net
Armour
 e - a +2 robe (worn)
 m - a +2 cloak (worn)
 E - a +2 pair of gloves (worn)
Magical Staves
 s - a staff of earth
Jewellery
 f - a ring of resist corrosion
 i - a +4 ring of protection (right hand)
 z - a +6 ring of strength
 C - an amulet of reflection (around neck)
 H - the ring of the Rabble (left hand) {rF+ rC+}
   (You found it on level 9 of the Dungeon)

   [ring of protection from cold]

   rF:        It protects you from fire.
   rC:        It protects you from cold.
 I - a +6 ring of intelligence
Wands
 p - a wand of digging (3)
 w - a wand of paralysis (2)
 y - a wand of light (5)
 F - a wand of roots (17)
Scrolls
 q - 4 scrolls of teleportation
 r - a scroll of fog
 D - 2 scrolls of amnesia
 K - a scroll of identify
 L - a scroll of brand weapon
Potions
 g - 3 potions of magic
 h - 3 potions of mutation
 k - 4 potions of brilliance
 n - 2 potions of cancellation
 o - 3 potions of haste
 t - a potion of flight
 v - a potion of berserk rage
 A - 2 potions of lignification
 G - 2 potions of resistance


   Skills:
 + Level 4.7 Fighting
 + Level 5.4 Short Blades
 + Level 2.9 Throwing
 - Level 1.0 Armour
 - Level 3.0 Dodging
 + Level 9.6 Stealth
 - Level 1.0 Shields
 + Level 7.2 Spellcasting
 + Level 5.8 Conjurations
 + Level 5.3 Summonings
 + Level 6.0 Air Magic
 - Level 2.0 Poison Magic
 + Level 1.9 Evocations


You had 11 spell levels left.
You knew the following spells:

 Your Spells              Type           Power      Damage    Failure   Level
a - Shock                 Conj/Air       100%       1d9       1%          1
b - Static Discharge      Conj/Air       58%        2-5/arc   1%          2
c - Summon Lightning Spi  Summ/Air       28%        N/A       10%         4
d - Mephitic Cloud        Conj/Pois/Air  24%        N/A       4%          3
e - Swiftness             Air            29%        N/A       2%          3

Your spell library contained the following spells:

 Spells                   Type           Power      Damage    Failure   Level
 Kiss of Death            Conj/Necr      72%        2d10      3%          1
 Magic Dart               Conj           100%       1d8       1%          1
 Summon Small Mammal      Summ           100%       N/A       1%          1
 Call Imp                 Summ           54%        N/A       1%          2
 Hailstorm                Conj/Ice       18%        3d6       9%          3
 Airstrike                Air            14%        2d(3-19)  9%          4
 Apportation              Tloc           12%        N/A       10%         1
 Beastly Appendage        Tmut           12%        N/A       10%         1
 Freeze                   Ice            24%        1d4       10%         1
 Necrotise                Necr           24%        1d5       10%         1
 Ensorcelled Hibernation  Hex/Ice        12%        N/A       16%         2
 Passwall                 Tmut/Erth      5%         N/A       16%         2
 Wereblood                Tmut           6%         N/A       16%         2
 Spider Form              Tmut/Pois      10%        N/A       21%         3
 Frozen Ramparts          Ice            12%        1d2       30%         3
 Inner Flame              Hex/Fire       6%         N/A       30%         3
 Flame Wave               Conj/Fire      18%        2d7       30%         4
 Sticky Flame             Conj/Fire      18%        2d4       30%         4
 Ice Form                 Ice/Tmut       6%         N/A       69%         4
 Simulacrum               Ice/Necr       3%         N/A       100%        6
 Ozocubu's Refrigeration  Ice            3%         4d8       100%        7
 Borgnjor's Revivificati  Necr           3%         N/A       100%        8
 Necromutation            Tmut/Necr      3%         N/A       100%        8
 Chain Lightning          Conj/Air       14%        3d19      100%        9
 Death's Door             Necr           3%         N/A       100%        9
 Fire Storm               Conj/Fire      9%         8d2       100%        9
 Polar Vortex             Ice            3%         N/A       100%        9
 Shatter                  Erth           3%         3d7*      100%        9


Dungeon Overview and Level Annotations

Branches:
Dungeon (14/15)            Temple (1/1) D:4            Lair (0/5) D:10
    Orc: D:9-12      Vaults: D:13-14

Altars:
Ashenzari
Cheibriados
Fedhas
Gozag
Hepliaklqana
Kikubaaqudgha
Makhleb
Nemelex Xobeh
Okawaru
Qazlal
Ru
Sif Muna
Uskayaw
Vehumet
Wu Jian
Xom

Shops:
D:4 :   D:10 ?=*

Annotations:
D:4 2 transporters, Perinia's ghost, amateur KoNe
D:11 Grum; Harold


Innate Abilities, Weirdness & Mutations

You have a pair of horns on your head.
You are partially covered in large bone plates. (SH +4)
A meltable icy envelope protects you from harm. (AC +4)
A meltable shield of frost defends you. (SH +4)
Spells you cast may paralyse nearby enemies.


Message History

The wolf spider is moderately wounded.
Malevolent energies surge around you.
You feel very sick. The wolf spider hits you!
The wolf spider closely misses you. The wolf spider hits you!
You block the wolf spider's attack.
Casting: Shock (safe; 1% risk of failure)
Confirm with . or Enter, or press ? or * to list all spells.
The wolf spider is struck by an arc of lightning.
The wolf spider is heavily wounded.
You are struck by an arc of lightning.
* * * LOW HITPOINT WARNING * * *
The wolf spider is struck by an arc of lightning.
The wolf spider is heavily wounded.
You are struck by an arc of lightning.
* * * LOW HITPOINT WARNING * * *
The lightning grounds out.
Malevolent energies surge around you.
You feel very sick. The wolf spider misses you.
You block the wolf spider's attack.
The manticore flicks its tail.
The volley of spikes hits you!
The barbed spikes become lodged in your body.
* * * LOW HITPOINT WARNING * * *
Casting: Static Discharge (safe; 1% risk of failure)
Confirm with . or Enter, or press ? or * to list all spells.
The wolf spider is struck by an arc of lightning.
The wolf spider is severely wounded.
You are struck by an arc of lightning.
* * * LOW HITPOINT WARNING * * *
The lightning grounds out.
Malevolent energies surge around you.
* * * LOW HITPOINT WARNING * * *
You feel sick. You block the wolf spider's attack.
The wolf spider closely misses you.
The manticore flicks its tail.
The volley of spikes hits you but does no damage.
You block the wolf spider's attack. x2
You hit the wolf spider. You punch the wolf spider.
The wolf spider is severely wounded.
* * * LOW HITPOINT WARNING * * *
You feel sick. The wolf spider hits you!
You die...

##.## ####...# #..#..>#
#......### ##.......##
###.....!...#
#..........##### ##
#...........##.##.##
#.......@...#......#
#.......)s........#
................#).#
....................#
.......H....(........
...............#....c..
..#.....##......#......
..#...##.......##....c.
.. ....##.. c.....


You could see a wolf spider and a manticore.

Vanquished Creatures
  2 boulder beetles
  4 two-headed ogres
  3 molten gargoyles (D:9)
  2 trolls (D:9)
  Sigmund (D:6)
  10 yaks
  A spriggan (shapeshifter) (D:10)
  A shadow (D:10)
  A spriggan (D:10)
  A steam dragon (D:6)
  A vampire (D:10)
  Menkaure (D:6)
  2 water moccasins
  Duvessa (D:6)
  2 orc warriors
  4 black bears
  An ice beast (D:6)
  An ogre (D:7)
  A sky beast (D:7)
  3 centaurs
  A kobold brigand (D:8)
  A gnoll sergeant (D:10)
  7 bullfrogs
  2 scorpions
  7 jellies
  9 wights
  Dowan (D:6)
  9 killer bees (D:8)
  3 howler monkeys (D:7)
  4 orc priests
  6 hounds
  An iguana (D:5)
  2 sleepcaps
  4 orc wizards
  7 gnolls
  5 adders
  A white imp (D:6)
  An ufetubus (D:5)
  2 worms
  3 dart slugs
  19 orcs
  4 ball pythons
  8 bats
  4 endoplasms
  4 goblins
  4 hobgoblins
  6 jackals
  5 quokkas
  2 frilled lizards (D:1)
  9 kobolds
  5 rats
189 creatures vanquished.

Vanquished Creatures (collateral kills)
  A nameless horror (D:10)
1 creature vanquished.

Grand Total: 190 creatures vanquished

Notes
Turn   | Place    | Note
-------+----------+-------------------------------------------
     0 | D:1      | jtron the Demonspawn Wanderer began the quest for the Orb.
     0 | D:1      | jtron set off with the following items: a +2 dagger, 2
                  | curare-tipped darts, a +0 helmet, a potion of curing, a +0
                  | robe; and the following spell memorised: Shock; and the
                  | following spells available to memorise: Swiftness.
     0 | D:1      | Reached XP level 1. HP: 13/13 MP: 3/3
   426 | D:1      | Gained mutation: You have a pair of small horns on your
                  | head. [demonic ancestry]
   426 | D:1      | Reached XP level 2. HP: 8/19 MP: 1/5
  1363 | D:2      | Reached skill level 1 in Fighting
  1486 | D:2      | Reached XP level 3. HP: 26/26 MP: 1/6
  1961 | D:2      | Reached skill level 1 in Conjurations
  2027 | D:3      | Found a hazy altar of Hepliaklqana.
  2097 | D:3      | Gained mutation: A meltable shield of frost defends you.
                  | (SH +4) [demonic ancestry]
  2097 | D:3      | Reached XP level 4. HP: 10/32 MP: 0/7
  2932 | D:4      | Found a staircase to the Ecumenical Temple.
  2938 | D:4      | Noticed a phantom
  2943 | Temple   | Entered the Ecumenical Temple
  3061 | D:4      | Found a shimmering altar of Xom.
  3158 | D:4      | Found a transporter.
  3161 | D:4      | Noticed a kobold brigand
  3162 | D:4      | Noticed Perinia's ghost (amateur KoNe)
  3163 | D:4      | Found a transporter.
  3176 | D:4      | Found Rerimeso's Vocational Training.
  3183 | D:4      | Noticed a water moccasin
  3197 | D:4      | Killed a water moccasin
  3198 | D:4      | Reached skill level 1 in Short Blades
  3198 | D:4      | Reached skill level 1 in Stealth
  3198 | D:4      | Gained mutation: You have a pair of horns on your head.
                  | [demonic ancestry]
  3198 | D:4      | Reached XP level 5. HP: 37/38 MP: 2/10
  3278 | D:4      | Found a blossoming altar of Fedhas.
  3279 | D:4      | Found an ancient bone altar of Kikubaaqudgha.
  3398 | D:4      | Gained mutation: A meltable icy envelope protects you from
                  | harm. (AC +4) [demonic ancestry]
  3398 | D:4      | Reached XP level 6. HP: 44/44 MP: 11/11
  3491 | D:5      | Entered Level 5 of the Dungeon
  3569 | D:5      | Learned a level 2 spell: Static Discharge
  3944 | D:5      | Reached XP level 7. HP: 37/51 MP: 7/13
  4255 | D:5      | Reached skill level 1 in Shields
  4771 | D:6      | Reached skill level 1 in Summonings
  4783 | D:6      | Reached skill level 2 in Stealth
  4884 | D:6      | Noticed Duvessa
  4900 | D:6      | Noticed Dowan
  4902 | D:6      | Killed Duvessa
  4903 | D:6      | Gained mutation: Spells you cast may paralyse adjacent
                  | enemies. [demonic ancestry]
  4903 | D:6      | Reached XP level 8. HP: 29/58 MP: 3/14
  4926 | D:6      | Noticed Menkaure
  5314 | D:6      | Reached skill level 5 in Spellcasting
  5333 | D:6      | Killed Menkaure
  5860 | D:6      | Noticed Sigmund
  5878 | D:6      | Killed Sigmund
  5879 | D:6      | Reached skill level 3 in Stealth
  5879 | D:6      | Gained mutation: Spells you cast may paralyse nearby
                  | enemies. [demonic ancestry]
  5879 | D:6      | Reached XP level 9. HP: 52/64 MP: 10/17
  5958 | D:6      | Learned a level 4 spell: Summon Lightning Spire
  6083 | D:6      | Killed Dowan
  6739 | D:8      | Reached skill level 1 in Evocations
  6810 | D:8      | Reached skill level 4 in Stealth
  6915 | D:8      | Noticed a boulder beetle
  6996 | D:8      | Found a snail-covered altar of Cheibriados.
  6996 | D:8      | Found a radiant altar of Vehumet.
  7001 | D:8      | Found a hide-covered altar of Uskayaw.
  7014 | D:8      | Found a burning altar of Makhleb.
  7016 | D:8      | Found a broken altar of Ashenzari.
  7056 | D:8      | Noticed a two-headed ogre
  7101 | D:8      | Became a worshipper of Vehumet
  7245 | D:8      | Killed a boulder beetle
  7246 | D:8      | Reached skill level 5 in Stealth
  7257 | D:8      | Killed a two-headed ogre
  7258 | D:8      | Reached skill level 6 in Stealth
  7258 | D:8      | Reached skill level 5 in Summonings
  7258 | D:8      | Reached XP level 10. HP: 21/71 MP: 16/19
  7767 | D:9      | Reached skill level 5 in Conjurations
  8039 | D:9      | Found an ornate altar of the Wu Jian Council.
  8045 | D:9      | Found a sacrificial altar of Ru.
  8075 | D:9      | Learned a level 3 spell: Mephitic Cloud
  8161 | D:9      | Found an iron altar of Okawaru.
  8257 | D:9      | Noticed a two-headed ogre
  8266 | D:9      | Reached skill level 1 in Poison Magic
  8267 | D:9      | Killed a two-headed ogre
  8409 | D:9      | Reached skill level 7 in Stealth
  8416 | D:9      | Identified the ring of the Rabble {rF+ rC+}
  8455 | D:9      | Reached skill level 5 in Air Magic
  8462 | D:9      | Noticed a molten gargoyle
  8473 | D:9      | Noticed a molten gargoyle
  8487 | D:9      | Killed a molten gargoyle
  8646 | D:9      | Noticed a molten gargoyle
  8657 | D:9      | Killed a molten gargoyle
  8688 | D:9      | Killed a molten gargoyle
  8703 | D:9      | Noticed a molten gargoyle
  9197 | D:9      | Reached skill level 5 in Short Blades
  9424 | D:10     | Entered Level 10 of the Dungeon
  9435 | D:10     | Reached skill level 8 in Stealth
  9447 | D:9      | Gained mutation: You are partially covered in large bone
                  | plates. (SH +4) [demonic ancestry]
  9447 | D:9      | Reached XP level 11. HP: 33/78 MP: 10/21
  9665 | D:10     | Found an opulent altar of Gozag.
  9712 | D:10     | HP: 2/78 [yak (11)]
  9724 | D:10     | Found Alit's Magic Scroll Emporium.
  9967 | D:10     | Learned a level 3 spell: Swiftness
 10066 | D:10     | Found a staircase to the Lair.
 10077 | D:10     | Noticed a two-headed ogre
 10082 | D:10     | Reached * piety under Vehumet
 10082 | D:10     | Offered knowledge of Kiss of Death by Vehumet.
 10092 | D:10     | Killed a two-headed ogre
 10093 | D:10     | Reached skill level 9 in Stealth
 10142 | D:10     | Found Petz's Assorted Antiques.
 10143 | D:10     | Found Xuckot Cuto's Jewellery Shoppe.
 10154 | D:10     | Bought an amulet of reflection for 300 gold pieces
 10187 | D:10     | Noticed a lindwurm
 10190 | D:10     | a lindwurm changed into a salamander
 10455 | D:10     | Found a shimmering blue altar of Sif Muna.
 10457 | D:10     | Found a sparkling altar of Nemelex Xobeh.
 10689 | D:11     | Noticed a boulder beetle
 10747 | D:11     | Noticed a boulder beetle
 10757 | D:11     | Killed a boulder beetle
 10832 | D:11     | Noticed a two-headed ogre
 10834 | D:11     | Noticed Grum
 10839 | D:11     | Noticed Harold
 10920 | D:11     | You fall into a shaft and drop 3 floors!
 10933 | D:14     | Noticed a harpy
 10956 | D:14     | Noticed a two-headed ogre
 10984 | D:13     | Noticed a two-headed ogre
 10985 | D:13     | Noticed a wolf spider
 10989 | D:13     | Noticed a centaur warrior
 11001 | D:13     | Killed a two-headed ogre
 11009 | D:13     | HP: 3/78 [/static electricity (4)]
 11009 | D:13     | HP: 1/78 [poisoned by a wolf spider]
 11010 | D:13     | Mangled by a wolf spider

Illustrated notes

Levels and vault maps discovered:
D:1:      saegor_arrival_simple_d, layout_basic, feat_on_display
D:2:      layout_basic
D:3:      layout_rooms, overflow_temple_1_default,
          mainiacjoe_overflow_cross_hatched, chequers_jeans,
          kennysheep_generic_room_6
D:4:      layout_loops_cross, grunt_temple_overflow_growth_and_decay,
          mainiacjoe_overflow_paths, minmay_temple_entry_statues_pillars,
          gammafunk_ghost_arena, small_statue_intersection,
          nicolae_shop_vocational
D:5:      nicolae_cairo_tiling, layout_gridville
D:6:      layout_loops_ring, uniq_duvessa, uniq_sigmund, uniq_menkaure
D:7:      layout_basic
D:8:      layout_loops_ring, kennysheep_mini,
          nicolae_overflow_hallway_of_the_gods
D:9:      layout_gridville, mainiacjoe_overflow_small_starburst,
          okawaru_altar_gauntlet_db, mainiacjoe_overflow_chevrons, minivault_8
D:10:     layout_long_grid, lemuel_tele_altar, nicolae_overflow_hidden_temple,
          grunt_lair_entry_orc_guard_hut, serial_shops,
          nicolae_shop_tiny_statue_garden, shop, nicolae_shop_crystal,
          the_hattery
D:11:     layout_basic, kennysheep_orc_monster_closet_entryway,
          grunt_decor_junction, uniq_grum, uniq_harold
D:13:     layout_cave_pools, david_vaults_1, water_boxes_lemuel
D:14:     layout_basic
Temple:   ebering_the_one_and_only

Skill      XL: |  1  2  3  4  5  6  7  8  9 10 11 |
---------------+----------------------------------+-----
Dodging        | 3 |  3.0
Fighting       | 1 2 3 4 |  4.7
Conjurations   | 1 2 3 4 5 |  5.8
Short Blades   | 1 2 3 4 5 |  5.4
Stealth        | 1 2 3 6 8 9 |  9.6
Spellcasting   | 3 4 5 6 7 |  7.2
Air Magic      | 2 3 4 5 6 |  6.0
Shields        | 1 |  1.0
Summonings     | 1 3 5 |  5.3
Evocations     | 1 |  1.9
Poison Magic   | 2 |  2.0
Throwing       | |  2.9
Armour         | |  1.0

Action                     |  1- 3 |  4- 6 |  7- 9 | 10-12 || total
---------------------------+-------+-------+-------+-------++-------
  Melee: Dagger            |    63 |   103 |   175 |   165 ||   506
         Headbutt          |     5 |    15 |    33 |    38 ||    91
         Punch             |     1 |     1 |     3 |     2 ||     7
   Cast: Shock             |    49 |    28 |    36 |     5 ||   118
         Static Discharge  |       |     7 |    44 |    34 ||    85
         Mephitic Cloud    |       |       |       |    11 ||    11
         Summon Lightning  |       |       |       |     3 ||     3
  Evoke: Wand              |       |       |    11 |     9 ||    20
    Use: Scroll            |     6 |     5 |    11 |     6 ||    28
         Potion            |       |     3 |     6 |     3 ||    12
   Stab: Sleeping          |     1 |     1 |     4 |     4 ||    10
         Paralysed         |       |       |    27 |    25 ||    52
         Invisible         |       |       |     1 |       ||     1
         Confused          |       |       |       |    13 ||    13
         Distracted        |       |       |       |     1 ||     1
 Armour: Robe              |    16 |    52 |    64 |    49 ||   181
  Dodge: Dodged            |    53 |    56 |    78 |    71 ||   258
  Block: Other             |       |    20 |    28 |    42 ||    90
         Reflection        |       |       |       |     3 ||     3
